 Dungeon Crawl Stone Soup version 0.29-a0-284-gf9362112df (webtiles) character file.

Game seed: 15282109435459590892

556352 iguanaiguana the Bringer of Law (level 25, -16/232 HPs)
             Began as a Deep Elf Summoner on Mar 10, 2022.
             Was the Champion of Zin.
             Demolished by Mennas
             ... wielding a +5 eudemon blade of holy wrath
              (24 damage)
             ... on level 4 of the Vaults on Mar 15, 2022.
             The game lasted 06:32:31 (112752 turns).

iguanaiguana the Bringer of Law (DESu)            Turns: 112752, Time: 06:32:31

Health: -16/232    AC: 22    Str: 11    XL:     25   Next: 21%
Magic:  17/46      EV: 18    Int: 41    God:    Zin [******]
Gold:   317        SH: 14    Dex: 15    Spells: 3/58 levels left

rFire   + + +      SeeInvis +   Z - +5 short sword of the Hawk {holy, rF+ Int+4}
rCold   + + .      Faith    .   M - +3 kite shield {rC+ rF+}
rNeg    + + .      Spirit   .   l - +6 acid dragon scales
rPois   +          Reflect  .   q - +2 helmet {SInv}
rElec   +          Harm     .   y - scarf {rC+ rF+}
rCorr   +          Rampage  .   N - +2 pair of gloves {Str+3}
Will    +++++      Clarity  +   z - +1 pair of boots
Stlth   ..........              L - amulet of the Four Winds {rN+ Will+++ Clar}
HPRegen 0.48/turn               b - ring of Darkness {rN+ Int+4}
MPRegen 0.30/turn               P - ring "Ilyfral" {rElec rPois Will++ rCorr Str+3}

@: berserking, hasted, glowing, studying Necromancy, silenced, very quick
A: no striking features
}: 3/15 runes: decaying, serpentine, slimy
a: Renounce Religion


You were on level 4 of the Vaults.
You worshipped Zin.
Zin was exalted by your worship.
You visited 11 branches of the dungeon, and saw 51 of its levels.
You also visited: Ice Cave and Desolation.

You collected 6521 gold pieces.
You spent 5713 gold pieces at shops.
You donated 491 gold pieces to Zin.

Inventory:

Hand Weapons
 S - the +7 dagger of Evil {elec, rPois rN+ SInv}
   (You found it on level 3 of the Elven Halls)

   It occasionally discharges a powerful burst of electricity upon striking a
   foe.
   rPois:     It protects you from poison.
   rN:        It protects you from negative energy.
   SInv:      It lets you see invisible.
 Z - the +5 short sword of the Hawk (weapon) {holy, rF+ Int+4}
   (You found it on level 3 of the Swamp)

   It has been blessed by the Shining One to cause great damage to the undead
   and demons.
   Int:       It affects your intelligence (+4).
   rF:        It protects you from fire.
Missiles
 O - 11 curare-tipped darts
Armour
 l - +6 acid dragon scales (worn)
 q - a +2 helmet of see invisible (worn)
 y - a scarf of resistance (worn)
 z - a +1 pair of boots (worn)
 M - a +3 kite shield of resistance (worn)
 N - a +2 pair of gloves of strength (worn)
Jewellery
 b - the ring of Darkness (left hand) {rN+ Int+4}
   (You found it on level 3 of the Crypt)

   [ring of positive energy]

   Int:       It affects your intelligence (+4).
   rN:        It protects you from negative energy.
 g - a ring of magical power
 r - a ring of flight
 B - the ring "Aticoh Uss" {EV+4 Int+2}
   (You found it on level 2 of the Depths)

   [ring of evasion]

   EV:        It affects your evasion (+4).
   Int:       It affects your intelligence (+2).
 G - the ring of the Duchess {Drain rF+ rC++ Str+3}
   (You found it in the Desolation of Salt)

   [ring of protection from fire]

   Str:       It affects your strength (+3).
   rF:        It protects you from fire.
   rC:        It greatly protects you from cold.
   Drain:     It drains your maximum health when unequipped.
 L - the amulet of the Four Winds (around neck) {rN+ Will+++ Clar}
   (You took it off a deep elf master archer on level 3 of the Elven Halls)

   [amulet of nothing]

   rN:        It protects you from negative energy.
   Clar:      It protects you against confusion.
   Will:      It greatly increases your willpower.
 P - the ring "Ilyfral" (right hand) {rElec rPois Will++ rCorr Str+3}
   (You took it off an ironbound convoker in the Desolation of Salt)

   [ring of poison resistance]

   Str:       It affects your strength (+3).
   rElec:     It insulates you from electricity.
   rPois:     It protects you from poison.
   rCorr:     It protects you from acid and corrosion.
   Will:      It greatly increases your willpower.
 T - the ring "Koacocy" {Wiz rPois rF+ rN+ Str-5}
   (You found it in the Desolation of Salt)

   [ring of wizardry]

   It improves your spell success rate.
   Str:       It affects your strength (-5).
   rF:        It protects you from fire.
   rPois:     It protects you from poison.
   rN:        It protects you from negative energy.
 X - the ring "Oxkonnel" {rElec rN+ Str+3}
   (You found it in the Desolation of Salt)

   [ring of positive energy]

   Str:       It affects your strength (+3).
   rElec:     It insulates you from electricity.
   rN:        It protects you from negative energy.
 Y - the ring "Otesevol" {Fire Int+4 Dex+4 Slay-6}
   (You found it in the Desolation of Salt)

   [ring of fire]

   It enhances your fire magic.
   Int:       It affects your intelligence (+4).
   Dex:       It affects your dexterity (+4).
   Slay:      It affects your accuracy & damage with ranged weapons and melee
   (-6).
   rF:        It protects you from fire.
   rC:        It makes you vulnerable to cold.
Wands
 o - a wand of flame (56)
 E - a wand of digging (38) {@v3}
 H - a wand of acid (9) {@v1}
 Q - a wand of iceblast (26) {@v2}
Scrolls
 i - 8 scrolls of immolation
 k - 3 scrolls of silence
 n - 3 scrolls of magic mapping {@r5}
 s - 14 scrolls of teleportation {@r3}
 u - 9 scrolls of fog
 I - 8 scrolls of vulnerability
 U - 7 scrolls of fear
Potions
 e - a potion of berserk rage
 f - a potion of cancellation
 j - 13 potions of curing {@q1}
 t - 3 potions of haste {@q4}
 v - 6 potions of might {@q3}
 w - 3 potions of brilliance
 x - 5 potions of ambrosia
 A - 4 potions of mutation
 C - 2 potions of magic
 D - 2 potions of invisibility
 J - 4 potions of flight
Miscellaneous
 h - a lightning rod (4/4)
 K - a phantom mirror
 V - a phial of floods


   Skills:
 - Level 15.0 Fighting
 - Level 8.0 Short Blades
 - Level 6.0 Armour
 - Level 17.3 Dodging
 - Level 13.9 Stealth
 - Level 10.2 Shields
 - Level 17.2 Spellcasting
 + Level 19.7 Conjurations
 - Level 3.0 Hexes
 - Level 20.2 Summonings
 - Level 10.0 Translocations
 - Level 6.0 Air Magic
 + Level 19.1 Earth Magic
 - Level 22.0 Invocations
 - Level 6.0 Evocations


You had 3 spell levels left.
You knew the following spells:

 Your Spells              Type           Power      Damage    Failure   Level
a - Summon Forest         Summ/Tloc      51%        N/A       1%          5
b - Summon Hydra          Summ           58%        N/A       1%          7
c - Monstrous Menagerie   Summ           58%        N/A       1%          7
d - Spellforged Servitor  Conj/Summ      57%        N/A       1%          7
e - Blink                 Tloc           100%       N/A       1%          2
f - Summon Mana Viper     Hex/Summ       92%        N/A       1%          5
g - Apportation           Tloc           100%       N/A       1%          1
h - Lehudib's Crystal Sp  Conj/Erth      57%        10d13     6%          8
i - Passage of Golubria   Tloc           87%        N/A       1%          4
l - Iron Shot             Conj/Erth      57%        9d11      1%          6
m - Swiftness             Air            71%        N/A       1%          3

Your spell library contained the following spells:

 Spells                   Type           Power      Damage    Failure   Level
 Sandblast                Erth           100%       2d20      0%          1
 Shock                    Conj/Air       100%       1d9       0%          1
 Summon Small Mammal      Summ           100%       N/A       0%          1
 Call Imp                 Summ           100%       N/A       0%          2
 Call Canine Familiar     Summ           100%       N/A       0%          3
 Stone Arrow              Conj/Erth      100%       3d13      0%          3
 Slow                     Hex            100%       N/A       1%          1
 Corpse Rot               Necr/Air       100%       N/A       1%          2
 Passwall                 Tmut/Erth      70%        N/A       1%          2
 Poisonous Vapours        Pois/Air       100%       N/A       1%          2
 Static Discharge         Conj/Air       96%        N/A       1%          2
 Conjure Flame            Conj/Fire      86%        6-21      1%          3
 Dazzling Flash           Conj/Hex       100%       N/A       1%          3
 Lesser Beckoning         Tloc           87%        N/A       1%          3
 Mephitic Cloud           Conj/Pois/Air  81%        N/A       1%          3
 Portal Projectile        Hex/Tloc       100%       N/A       1%          3
 Summon Guardian Golem    Hex/Summ       92%        N/A       1%          3
 Animate Skeleton         Necr           70%        N/A       2%          1
 Beastly Appendage        Tmut           70%        N/A       2%          1
 Freeze                   Ice            100%       1d11      2%          1
 Pain                     Necr           100%       1d9       2%          1
 Sting                    Tmut/Pois      100%       1d8       2%          1
 Ensorcelled Hibernation  Hex/Ice        94%        N/A       2%          2
 Confusing Touch          Hex            56%        N/A       2%          3
 Tukima's Dance           Hex            56%        N/A       2%          3
 Scorch                   Fire           70%        2d8       4%          2
 Sublimation of Blood     Necr           35%        N/A       4%          2
 Wereblood                Tmut           35%        N/A       4%          2
 Inner Flame              Hex/Fire       47%        N/A       4%          3
 Frozen Ramparts          Ice            70%        1d9       8%          3
 Ignite Poison            Fire/Tmut/Pois 35%        N/A       8%          3
 Ozocubu's Armour         Ice            35%        N/A       8%          3
 Vampiric Draining        Necr           35%        2d8       8%          3
 Animate Armour           Summ/Erth      100%       N/A       0%          4
 Flame Wave               Conj/Fire      86%        2d15      1%          4
 Hailstorm                Conj/Ice       86%        3d17      1%          4
 Petrify                  Tmut/Erth      85%        N/A       1%          4
 Sticky Flame             Conj/Fire      86%        2d10      1%          4
 Summon Ice Beast         Ice/Summ       87%        N/A       1%          4
 Summon Lightning Spire   Summ/Air       97%        N/A       1%          4
 Borgnjor's Vile Clutch   Necr/Erth      42%        N/A       1%          5
 Irradiate                Conj/Tmut      43%        3d28      1%          5
 Iskenderun's Battlesphe  Conj           100%       2d15      1%          5
 Lightning Bolt           Conj/Air       48%        1d68      1%          5
 Manifold Assault         Tloc           87%        N/A       1%          5
 Conjure Ball Lightning   Conj/Air       48%        3x3d17    1%          6
 Airstrike                Air            35%        N/A       2%          4
 Freezing Cloud           Conj/Ice/Air   40%        6-21      2%          5
 Starburst                Conj/Fire      43%        6d12      7%          6
 Cause Fear               Hex            28%        N/A       8%          4
 Statue Form              Tmut/Erth      56%        N/A       8%          6
 Silence                  Hex/Air        32%        N/A       12%         5
 Animate Dead             Necr           17%        N/A       26%         4
 Dispel Undead            Necr           35%        3d15      26%         4
 Olgreb's Toxic Radiance  Pois           35%        N/A       26%         4
 Haunt                    Necr/Summ      43%        N/A       34%         7
 Metabolic Englaciation   Hex/Ice        23%        N/A       36%         5
 Yara's Violent Unravell  Hex/Tmut       23%        3d10      36%         5
 Agony                    Necr           35%        N/A       58%         5
 Blade Hands              Tmut           17%        N/A       58%         5
 Excruciating Wounds      Necr           17%        N/A       58%         5
 Death Channel            Necr           17%        N/A       99%         6
 Eringya's Noxious Bog    Tmut/Pois      17%        N/A       99%         6
 Simulacrum               Ice/Necr       17%        N/A       99%         6
 Ozocubu's Refrigeration  Ice            17%        4d8       100%        7
 Storm Form               Tmut/Air       28%        N/A       100%        7
 Borgnjor's Revivificati  Necr           17%        N/A       100%        8
 Discord                  Hex            28%        N/A       100%        8
 Infestation              Necr           17%        N/A       100%        8
 Maxwell's Capacitive Co  Air            35%        ∞         100%        8
 Necromutation            Tmut/Necr      17%        N/A       100%        8
 Death's Door             Necr           17%        N/A       100%        9


Dungeon Overview and Level Annotations

Branches:
Dungeon (15/15)            Temple (1/1) D:7            Lair (6/6) D:9
  Swamp (4/4) Lair:3        Snake (4/4) Lair:3        Slime (5/5) Lair:6
    Orc (2/2) D:9             Elf (3/3) Orc:2        Vaults (4/5) D:14
  Crypt (3/3) Vaults:3       Tomb (0/3) Crypt:3      Depths (4/4) D:15
    Zot (0/5) Depths:4      IceCv (visited)         Desolation (visited)

Altars:
Ashenzari
Cheibriados
Dithmenos
Elyvilon
Fedhas
Gozag
Hepliaklqana
Kikubaaqudgha
Makhleb
Nemelex Xobeh
Okawaru
Qazlal
Ru
Sif Muna
Trog
Uskayaw
Vehumet
Wu Jian
Xom
Yredelemnul
Zin
The Shining One
Jiyva

Shops:
D:1 (   D:3 *   D:8 [   D:10 :   D:14 :(   Orc:2 !*?=   Elf:1 =   Elf:3 :
Snake:4 :=:   Vaults:1 [   Vaults:4 =   Depths:1 (   Depths:4 [?

Portals:
Hell: Depths:1 Depths:2 Depths:3 Depths:4
Abyss: Depths:3
Pandemonium: Depths:1 Depths:2
Ziggurat: Depths:4

Annotations:
D:1 exclusion: downstairs
D:6 exclusion: downstairs
D:9 exclusion: obsidian statue
Lair:1 exclusion: oklob plant
Vaults:4 Mennas


Message History

The yaktaur shoots a bolt.
You block the bolt.
You feel yourself speed up.
Mennas hits you with a +5 eudemon blade of holy wrath!!
* * * LOW HITPOINT WARNING * * *
You block Mennas's attack. Mennas attacks as you move away!
Mennas hits you with a +5 eudemon blade of holy wrath!!
* * * LOW HITPOINT WARNING * * *
Mennas hits you with a +5 eudemon blade of holy wrath!
* * * LOW HITPOINT WARNING * * *
Mennas attacks as you move away!
Mennas hits you with a +5 eudemon blade of holy wrath!
* * * LOW HITPOINT WARNING * * *
Mennas hits you with a +5 eudemon blade of holy wrath!
* * * LOW HITPOINT WARNING * * *
Magic scrolls do not work when you're silenced!
You feel much better. You block Mennas's attack.
Mennas hits you with a +5 eudemon blade of holy wrath!
* * * LOW HITPOINT WARNING * * *
You feel much better.
Mennas hits you with a +5 eudemon blade of holy wrath!!
* * * LOW HITPOINT WARNING * * *
Mennas barely misses you.
Magic scrolls do not work when you're silenced!
You feel better.
Mennas hits you with a +5 eudemon blade of holy wrath!!
* * * LOW HITPOINT WARNING * * *
You block Mennas's attack.
Okay, then.
Okay, then.
Okay, then.
Magic scrolls do not work when you're silenced!
A red film seems to cover your vision as you go berserk!
You feel yourself moving faster!
You feel mighty! You block Mennas's attack. x2
You feel a strong urge to attack something.
Your spellforged servitor casts a spell at Mennas.
Mennas blocks the crystal spear.
Mennas attacks as you move away!
Mennas hits you with a +5 eudemon blade of holy wrath!!
You die...

#...÷.......############# *###
#.#......[#.#p..........# *#...
#.........A.#....#.#A...#*#....
#.#.....9÷#)#)...###....#*...#*
#.........))')p..#.#....#...#**
#.#.....p.#)#.###...###A#...#*,
#...p.......#..#[....#..'..#*,,
♣####'#########.###...###.#..#*,,
.....O.# #.@..#.#9...'..#*,,
....p..# #..A.###....#.#.#*,
.......# #..c.#.#.9..#.##.#*
.[.....# #....9p.....#*.*#..
♣......# #############*#.*##
.......# *#.,,
'############*****************p#*
.............,,,,,,,,,,,,,,,,,,,,
.[...........,,,,,,,,,,,,,,,,,,,,


You could see Mennas (silencing, ally target), an ironbound preserver, a
yaktaur, a necromancer and a friendly spellforged servitor (summoned).

Vanquished Creatures
  the Royal Jelly (Slime:5)
  A royal mummy (Crypt:3)
  2 caustic shrikes
  A deep elf master archer (Elf:3)
  2 deep elf blademasters (Elf:3)
  Frances (D:13)
  An ancient champion (Crypt:3)
  2 acid blobs
  A shadow dragon (Depths:4)
  2 azure jellies (Slime:5)
  A revenant (Crypt:1)
  A rockslime (Slime:5)
  A fire giant (Depths:2)
  A spectral caustic shrike (Depths:2)
  A frost giant (Depths:3)
  A caustic shrike zombie (Crypt:3)
  2 curse skulls
  2 ghouls
  2 quicksilver oozes
  2 stone giants
  3 very ugly things
  An ironbound thunderhulk (Vaults:2)
  2 vampire knights
  A deep elf annihilator (Elf:3)
  2 deep elf demonologists (Elf:3)
  A spectral hellephant (Crypt:3)
  A yellow draconian (Depths:4)
  2 eidola
  An ettin (Vaults:3)
  A fire dragon (Depths:2)
  2 ice dragons
  2 ragged hierophants (Desolation)
  A yaktaur captain (Vaults:2)
  A boulder beetle (Lair:6)
  An anaconda (Snake:1)
  A vault guard (Vaults:1)
  3 spriggan skeletons (Crypt:3)
  4 centaur warriors
  A dancing weapon (Elf:2)
  2 two-headed ogres
  A deep troll earth mage (Depths:3)
  2 sun demons
  2 vampire magi
  A deep elf knight (Elf:2)
  Sonja (Lair:5)
  A hell knight (Depths:1)
  Amaemon (Lair:1)
  An iron troll (Depths:3)
  13 skeletal warriors
  A shadow wraith (Crypt:3)
  9 deep trolls
  2 bog bodies
  A glowing orange brain (Slime:4)
  A necromancer (Depths:3)
  A deep elf pyromancer (Elf:3)
  An orc knight (Vaults:4)
  2 phantasmal warriors
  5 ugly things
  4 black mambas
  A smoke demon (Depths:4)
  Psyche (D:8)
  5 yaktaurs
  A tengu conjurer (Depths:2)
  An ice devil (IceCv)
  A harpy zombie (Crypt:3)
  A saltling (Desolation)
  A hornet (Swamp:1)
  13 slime creatures
  3 harpy skeletons (Crypt:3)
  An air elemental (Elf:3)
  2 wraiths
  4 flying skulls (Crypt:3)
  A guardian serpent skeleton (Crypt:3)
  A spriggan (Swamp:1)
  3 yaks
  A fire elemental (Elf:2)
  A wyvern (Lair:6)
  A two-headed ogre zombie (Crypt:2)
  4 water moccasins
  4 nameless horrors
  A floating eye (shapeshifter) (Depths:2)
  3 orc warriors
  2 small abominations (Swamp:4)
  2 ogres (Orc:2)
  A snapping turtle skeleton (Crypt:3)
  An elf zombie (Crypt:2)
  A killer bee (D:9)
  An electric eel (Lair:6)
  2 orc wizards (Orc:2)
  A killer bee zombie (Crypt:2)
  An acid dragon zombie (Crypt:1)
  A mummy (Crypt:3)
  An ufetubus (D:4)
  2 orcs
  A ball python (D:4)
  An endoplasm (D:1)
  A giant cockroach (D:1)
  2 goblins
  2 quokkas
  2 kobolds
  A rat (D:2)
  3 snaplasher vines
195 creatures vanquished.

Vanquished Creatures (collateral kills)
  2 ancient liches (Crypt:3)
  Khufu (Crypt:3)
  Sojobo (Crypt:3)
  Bai Suzhen (Depths:2)
  Vashnia (Snake:2)
  the Lernaean hydra (Swamp:4)
  Xtahua (Crypt:3)
  6 caustic shrikes
  3 golden dragons
  2 bone dragons (Crypt:3)
  Jorgrun (Snake:3)
  2 tentacled monstrosities
  A doom hound (Crypt:3)
  3 liches
  A quicksilver dragon (Depths:4)
  Rupert (D:14)
  3 deep elf master archers (Elf:3)
  17 acid blobs
  Asterion (Elf:1)
  4 deep elf blademasters (Elf:3)
  A titan (Depths:2)
  2 sphinxes
  9 ancient champions
  Agnes (D:14)
  2 thorn hunters
  4 tengu reavers
  Gastronok (D:8)
  Kirke (Swamp:2)
  8 nagarajas
  A fenstrider witch (Swamp:2)
  A draconian monk (Depths:4)
  Donald (Orc:2)
  2 storm dragons (Depths:4)
  15 rockslimes
  Roxanne (Swamp:2)
  6 fire giants
  8 azure jellies
  3 deep elf sorcerers
  5 frost giants
  An orc warlord (Vaults:4)
  Aizul (Snake:2)
  An imperial myrmidon (Desolation)
  3 deep elf elementalists (Elf:3)
  Louise (Swamp:2)
  A spectral juggernaut (Depths:4)
  A balrug (Depths:4)
  10 vault wardens
  11 ironbound preservers
  A draconian stormcaller (Depths:4)
  8 ghouls
  5 spriggan defenders
  A war gargoyle (Vaults:4)
  3 caustic shrike skeletons (Crypt:3)
  14 quicksilver oozes
  2 spectral caustic shrikes (Depths:2)
  8 stone giants
  17 very ugly things
  6 ironbound thunderhulks
  A putrid mouth (Crypt:3)
  6 eleionomae
  2 black draconians (Depths:4)
  7 deep elf annihilators
  3 vampire knights
  A bunyip (shapeshifter) (Depths:4)
  4 bunyips
  2 halazid warlocks (Desolation)
  A white draconian (Depths:4)
  A spark wasp (Depths:2)
  A spectral hellephant (Crypt:3)
  Snorg (Orc:2)
  5 eidola
  2 green deaths (Swamp:4)
  A merfolk javelineer (Depths:1)
  6 deep elf death magi
  Josephine (Orc:2)
  2 crystal guardians (Desolation)
  2 spectral elves (Crypt:3)
  6 fire dragons
  8 ettins
  7 yaktaur captains
  Fannar (Orc:1)
  A deep elf high priest (Elf:3)
  8 ragged hierophants (Desolation)
  7 ice dragons
  7 jiangshi
  8 rakshasas
  A shambling mangrove (Swamp:3)
  8 great orbs of eyes
  A hell beast (Depths:1)
  8 peacekeepers
  10 servants of whispers (Desolation)
  8 spriggan air magi
  15 naga warriors
  3 salamander tyrants (Snake:4)
  8 vault guards
  7 ironbound frosthearts
  2 caustic shrike simulacra (IceCv)
  17 hydras
  4 ogre magi
  4 ghost crabs
  2 boulder beetles
  4 anacondas
  2 death knights (Crypt:2)
  9 centaur warriors
  14 alligators
  29 dancing weapons
  5 deep troll shamans
  20 two-headed ogres
  3 deep troll earth magi
  6 vampire magi
  2 hell hogs (Depths:1)
  2 tengu warriors
  2 thrashing horrors (Swamp:4)
  10 naga sharpshooters
  2 spriggan berserkers
  Urug (Orc:2)
  An orc high priest (Orc:2)
  5 shock serpents
  12 hell knights
  The ghost of sammy202020 the Fighter, a novice MiBe of Trog (D:8)
  12 deep elf knights
  46 skeletal warriors
  3 titan skeletons (Crypt:3)
  3 salamander mystics
  4 goliath frogs
  3 iron trolls
  2 shadow wraiths
  A storm dragon skeleton (Crypt:3)
  28 deep trolls
  A quicksilver dragon simulacrum (Crypt:3)
  A sea snake (shapeshifter) (Depths:2)
  3 spriggan druids
  2 golden dragon zombies (Depths:3)
  4 flayed ghosts
  A death drake (Swamp:3)
  14 bog bodies
  An anaconda zombie (Crypt:2)
  A swamp dragon (shapeshifter) (Depths:2)
  A tengu zombie (Vaults:3)
  20 ironbound convokers
  13 swamp dragons
  A spriggan simulacrum (Elf:1)
  4 phantasmal warriors
  5 naga ritualists
  Pikel (D:5)
  5 wizards
  An anaconda skeleton (Crypt:2)
  5 glowing orange brains
  An obsidian statue (IceCv)
  A bunyip skeleton (Crypt:3)
  7 lindwurms
  6 orc knights
  33 deep elf zephyrmancers
  10 necromancers
  12 deep elf archers
  8 mana vipers
  26 deep elf pyromancers
  A stone giant zombie (Depths:1)
  4 orc sorcerers
  A fire giant zombie (Depths:1)
  4 oklob plants (Lair:5)
  2 will-o-the-wisps (Swamp:3)
  2 cyclopes (shapeshifter)
  A manticore (shapeshifter) (Depths:2)
  8 salamanders
  8 shining eyes
  38 ugly things
  2 wolf spiders (Lair:6)
  A large abomination (Swamp:4)
  A manticore (D:13)
  A salamander (shapeshifter) (D:14)
  9 elephants (Lair:6)
  2 iron dragon skeletons (Crypt:3)
  2 cyclopes
  11 vault sentinels
  Maurice (Orc:2)
  22 naga magi
  31 black mambas
  A stone giant skeleton (Crypt:3)
  4 molten gargoyles (Desolation)
  2 fire giant skeletons
  A frost giant skeleton (Depths:3)
  A rust devil (Depths:2)
  Joseph (D:8)
  2 orange demons
  9 eyes of devastation
  3 guardian serpents
  A torpor snail (Lair:2)
  An alligator snapping turtle zombie (Crypt:2)
  2 unseen horrors (D:13)
  A human zombie (Vaults:3)
  4 centaur skeletons
  2 gargoyles (D:12)
  A dire elephant skeleton (Crypt:3)
  14 cane toads
  34 yaktaurs
  An unseen horror (shapeshifter) (D:15)
  3 rime drakes
  17 freezing wraiths
  A kobold demonologist (D:13)
  5 tengu conjurers
  13 komodo dragons
  A redback zombie (D:15)
  An efreet (D:13)
  An ice devil (IceCv)
  6 anaconda simulacra
  A polar bear (shapeshifter) (Elf:1)
  5 guardian mummies (Crypt:3)
  An entropy weaver simulacrum (IceCv)
  An iron troll skeleton (Crypt:2)
  4 tyrant leeches
  6 trolls
  15 hornets
  17 blink frogs
  65 saltlings
  2 harpy skeletons (Crypt:3)
  126 slime creatures
  2 raiju (shapeshifter) (D:14)
  A meliai zombie (Crypt:3)
  5 flying skulls (Crypt:3)
  A centaur simulacrum (D:14)
  5 shadows
  Sigmund (D:2)
  2 air elementals
  12 water elementals
  11 spriggans
  49 yaks
  7 wyverns
  3 dire elephant simulacra (IceCv)
  A fire elemental (Elf:1)
  8 wraiths
  2 hogs (Swamp:2)
  A human (shapeshifter) (D:15)
  7 golden eyes
  6 vampire mosquitoes
  3 basilisks
  4 minotaur simulacra
  3 redbacks (Lair:6)
  A steam dragon (D:8)
  4 wargs
  A redback (shapeshifter) (Depths:3)
  Menkaure (D:7)
  A small abomination (Swamp:4)
  13 swamp worms
  A deep troll zombie (Crypt:3)
  4 harpy simulacra (IceCv)
  A two-headed ogre zombie (Crypt:2)
  3 hydra simulacra (IceCv)
  Duvessa (D:7)
  Edmund (D:6)
  50 nagas
  21 water moccasins
  A two-headed ogre skeleton (Crypt:1)
  A naga skeleton (Crypt:3)
  A cane toad skeleton (Crypt:2)
  2 acid dragons
  3 floating eyes
  A deep troll skeleton (Crypt:3)
  4 ettin simulacra
  A swamp drake (Swamp:1)
  A sky beast (D:5)
  4 alligator simulacra
  A black bear (D:7)
  A blink frog zombie (Crypt:3)
  An ice beast (shapeshifter) (D:15)
  16 orc warriors
  An ice beast (D:7)
  A hornet zombie (Crypt:3)
  35 wolves
  28 ogres
  11 centaurs
  2 phantoms
  2 lemures (D:5)
  9 kobold brigands
  12 bullfrogs
  3 earth elementals
  5 gnoll sergeants
  4 necrophages
  2 scorpions
  4 deep troll simulacra
  8 wights
  Dowan (D:7)
  A human simulacrum (Vaults:3)
  16 killer bees
  3 lindwurm simulacra (IceCv)
  A spriggan skeleton (Crypt:2)
  2 electric eels
  14 howler monkeys
  2 polar bear skeletons
  A wolf skeleton (Crypt:1)
  3 jellies (Lair:6)
  2 hounds
  18 orc priests
  An iguana (Lair:3)
  Natasha (thrice) (D:4)
  25 orc wizards
  8 hell rats
  A deep dwarf skeleton (Crypt:1)
  8 mummies (Crypt:3)
  8 gnolls
  6 river rats (Lair:2)
  10 adders
  2 shadow imps
  2 white imps
  10 nameless horrors
  An iguana skeleton (Crypt:1)
  2 worms (D:2)
  4 dart slugs
  65 orcs
  5 bats
  A bat zombie (D:11)
  10 endoplasms
  4 giant cockroaches
  9 goblins
  11 hobgoblins
  6 jackals
  17 kobolds
  4 quokkas
  6 ball pythons
  A ball python skeleton (Crypt:1)
  2 frilled lizards
  A giant cockroach zombie (Crypt:1)
  10 rats
  A river rat skeleton (Crypt:1)
  17 briar patches (Swamp:2)
  2 bushes (Lair:6)
  A fire vortex (Depths:1)
  11 pillars of salt
2109 creatures vanquished.

Vanquished Creatures (others)
  A vault warden (Vaults:2)
  An imperial myrmidon (Desolation)
  A ragged hierophant (Desolation)
  A jiangshi (Crypt:3)
  An ogre mage (Orc:2)
  3 hydras
  2 skeletal warriors (D:12)
  An orc knight (Orc:1)
  An ironbound convoker (Desolation)
  3 wizards
  3 guardian serpents
  A cane toad (Lair:6)
  A rime drake (Lair:3)
  A yaktaur (Vaults:3)
  A troll (D:9)
  A blink frog (Lair:6)
  A slime creature (Vaults:2)
  A wyvern (Lair:1)
  A shadow (D:12)
  2 humans (Swamp:2)
  3 yaks
  2 water moccasins
  A wight (D:7)
  An orc wizard (Orc:1)
  A bush (Snake:4)
  3 foxfires (Swamp:3)
  90 fungi
  9 pillars of salt
  218 plants
  40 snaplasher vines
  3 toadstools (D:7)
  3 withered plants (Desolation)
402 creatures vanquished.

Grand Total: 2706 creatures vanquished

Notes
Turn   | Place    | Note
-------+----------+-------------------------------------------
     0 | D:1      | iguanaiguana the Deep Elf Summoner began the quest for the
                  | Orb.
     0 | D:1      | Reached XP level 1. HP: 10/10 MP: 6/6
    89 | D:1      | Found a faded altar of an unknown god.
   178 | D:1      | Reached XP level 2. HP: 15/15 MP: 6/8
   181 | D:1      | Learned a level 2 spell: Call Imp
   347 | D:1      | Found Ukaz's Weapon Boutique.
   420 | D:1      | Reached skill level 5 in Summonings
  1299 | D:2      | Reached XP level 3. HP: 19/19 MP: 6/9
  1303 | D:2      | Learned a level 3 spell: Call Canine Familiar
  1609 | D:1      | Reached skill level 1 in Hexes
  1701 | D:2      | Reached skill level 1 in Fighting
  1701 | D:2      | Reached XP level 4. HP: 25/25 MP: 1/10
  1869 | D:2      | Noticed Sigmund
  1905 | D:2      | Killed Sigmund
  1906 | D:2      | Reached XP level 5. HP: 30/30 MP: 3/11
  2125 | D:2      | Reached XP level 6. HP: 35/35 MP: 12/12
  2129 | D:2      | Learned a level 3 spell: Summon Guardian Golem
  2397 | D:3      | Found a blossoming altar of Fedhas.
  2718 | D:3      | Found Losawim's General Store.
  2721 | D:3      | Bought a potion of haste for 110 gold pieces
  3001 | D:3      | Reached skill level 1 in Air Magic
  3519 | D:4      | Found a glowing silver altar of Zin.
  3553 | D:4      | Became a worshipper of Zin the Law-Giver
  3652 | D:4      | Found a stormy altar of Qazlal.
  3943 | D:4      | Noticed Natasha
  3955 | D:4      | Killed Natasha
  3956 | D:4      | Reached XP level 7. HP: 40/40 MP: 10/14
  4013 | D:4      | Reached * piety under Zin
  4265 | D:4      | Noticed Natasha
  4269 | D:4      | Killed Natasha
  4272 | D:4      | Noticed Natasha
  4278 | D:4      | Killed Natasha
  4367 | D:5      | Entered Level 5 of the Dungeon
  4538 | D:5      | Noticed a yak
  4540 | D:5      | Noticed a yak
  4540 | D:5      | Noticed a yak
  4540 | D:5      | Noticed a yak
  4822 | D:5      | Noticed a yak
  4824 | D:5      | Noticed a yak
  4889 | D:5      | Reached skill level 1 in Shields
  4889 | D:5      | Reached skill level 1 in Invocations
  5185 | D:6      | Learned a level 4 spell: Summon Lightning Spire
  5196 | D:6      | Reached skill level 1 in Armour
  5270 | D:6      | Reached XP level 8. HP: 45/45 MP: 11/16
  5416 | D:6      | Reached ** piety under Zin
  5756 | D:6      | Noticed Edmund
  5766 | D:6      | Killed Edmund
  6174 | D:7      | Noticed Duvessa
  6174 | D:7      | Noticed Dowan
  6346 | D:6      | Reached skill level 2 in Invocations
  6693 | D:7      | Learned a level 2 spell: Blink
  6767 | D:7      | Reached skill level 1 in Translocations
  6777 | D:7      | Noticed Menkaure
  6782 | D:7      | Killed Menkaure
  6783 | D:7      | Reached XP level 9. HP: 50/50 MP: 6/18
  6792 | D:7      | Killed Dowan
  6856 | D:7      | Found a staircase to the Ecumenical Temple.
  6858 | D:7      | Killed Duvessa
  6859 | D:7      | Reached skill level 5 in Spellcasting
  6869 | D:7      | Reached *** piety under Zin
  6890 | Temple   | Entered the Ecumenical Temple
  7179 | D:7      | Reached **** piety under Zin
  7634 | D:7      | Reached ***** piety under Zin
  7825 | D:8      | Noticed Joseph
  7835 | D:8      | Killed Joseph
  7836 | D:8      | Reached skill level 3 in Invocations
  8604 | D:5      | Found a radiant altar of Vehumet.
  8604 | D:5      | Found a sparkling altar of Nemelex Xobeh.
  8668 | D:5      | Noticed Pikel
  8685 | D:5      | Killed Pikel
  8686 | D:5      | Reached skill level 1 in Evocations
  9204 | D:8      | Found Gofask's Armour Emporium.
  9223 | D:8      | Reached XP level 10. HP: 56/56 MP: 17/20
  9277 | D:8      | Reached skill level 5 in Air Magic
  9308 | D:8      | Noticed Gastronok
  9319 | D:8      | Reached skill level 5 in Dodging
  9323 | D:8      | Killed Gastronok
  9324 | D:8      | Reached skill level 4 in Invocations
  9410 | D:8      | Noticed Psyche
  9420 | D:8      | Killed Psyche
  9421 | D:8      | Reached skill level 10 in Summonings
  9513 | D:8      | Found a runed translucent gate.
  9513 | D:8      | Found a runed translucent gate.
  9513 | D:8      | Found a runed translucent gate.
  9514 | D:8      | Noticed sammy202020's ghost (novice MiBe)
  9932 | D:9      | Noticed a two-headed ogre
 10447 | D:9      | Found a staircase to the Lair.
 10597 | D:9      | Killed a two-headed ogre
 10869 | D:9      | Noticed an obsidian statue
 11016 | D:9      | Found a staircase to the Orcish Mines.
 11179 | D:9      | Reached XP level 11. HP: 60/61 MP: 17/22
 11905 | Lair:1   | Entered Level 1 of the Lair of Beasts
 12164 | Lair:1   | Reached skill level 5 in Shields
 12235 | Lair:1   | Reached skill level 5 in Translocations
 12364 | Lair:1   | Noticed an oklob plant
 12389 | Lair:1   | Noticed Amaemon
 12441 | Lair:1   | Killed Amaemon
 12442 | Lair:1   | Reached skill level 5 in Stealth
 12586 | Lair:1   | Reached skill level 5 in Invocations
 13809 | Lair:2   | Reached skill level 5 in Armour
 13836 | Lair:2   | Noticed a seven-headed hydra
 14017 | Lair:2   | Found an opulent altar of Gozag.
 14029 | Lair:2   | Reached XP level 12. HP: 67/67 MP: 15/25
 14830 | Lair:2   | Reached skill level 5 in Fighting
 14842 | Lair:2   | Killed a seven-headed hydra
 14843 | Lair:2   | Reached skill level 6 in Invocations
 15260 | Lair:2   | Was placed under penance by Zin
 15966 | Lair:3   | Noticed a six-headed hydra
 15980 | Lair:3   | Killed a six-headed hydra
 15981 | Lair:3   | Reached skill level 5 in Evocations
 16233 | Lair:3   | Noticed a four-headed hydra
 16308 | Lair:3   | Killed a four-headed hydra
 16309 | Lair:3   | Reached skill level 7 in Invocations
 16614 | Lair:3   | Noticed an eight-headed hydra
 16620 | Lair:3   | Killed an eight-headed hydra
 16778 | Lair:3   | Found a staircase to the Snake Pit.
 16881 | Lair:3   | Was forgiven by Zin
 17094 | Lair:3   | Noticed a six-headed hydra
 17128 | Lair:3   | Killed a six-headed hydra
 17129 | Lair:3   | Reached XP level 13. HP: 48/74 MP: 11/27
 17284 | Lair:3   | Found a staircase to the Swamp.
 17610 | Lair:4   | Reached skill level 8 in Invocations
 18721 | Lair:5   | Noticed Sonja
 19433 | Lair:5   | Reached skill level 9 in Invocations
 19444 | Lair:5   | Killed Sonja
 20757 | Lair:5   | Identified the +11 arbalest of the Abyss {freeze, +Blink
                  | Will- Int+4}
 20791 | Lair:6   | Entered Level 6 of the Lair of Beasts
 21016 | Lair:6   | Found a staircase to the Slime Pits.
 21099 | Lair:6   | Reached skill level 10 in Invocations
 21516 | Lair:6   | Learned a level 5 spell: Summon Forest
 21726 | Lair:6   | Reached XP level 14. HP: 79/80 MP: 8/28
 21910 | Lair:6   | Identified the +0 spear "Dih Docunia" {protect, Will-
                  | Int+3}
 21936 | Lair:6   | Reached skill level 10 in Stealth
 22114 | Lair:6   | Reached skill level 10 in Dodging
 23799 | D:10     | Entered Level 10 of the Dungeon
 23799 | D:10     | Found Buniofoq's Book Shop.
 23827 | D:10     | Reached skill level 11 in Invocations
 23964 | D:10     | Reached ****** piety under Zin
 25219 | D:11     | Found an ancient bone altar of Kikubaaqudgha.
 26601 | D:12     | Learned a level 1 spell: Apportation
 27117 | Orc:1    | Entered Level 1 of the Orcish Mines
 27132 | Orc:1    | Noticed Fannar
 27150 | Orc:1    | Killed Fannar
 28630 | Orc:2    | Entered Level 2 of the Orcish Mines
 28960 | Orc:2    | Noticed Donald
 28965 | Orc:2    | Reached XP level 15. HP: 86/86 MP: 14/30
 28967 | Orc:2    | Reached skill level 12 in Invocations
 28981 | Orc:2    | Killed Donald
 28982 | Orc:2    | Reached skill level 10 in Spellcasting
 28982 | Orc:2    | Reached skill level 15 in Summonings
 29009 | Orc:2    | Learned a level 7 spell: Summon Hydra
 29436 | Orc:2    | Found Sang's Assorted Antiques.
 29436 | Orc:2    | Found Ziviviodgh's Distillery.
 29437 | Orc:2    | Found Vauj's Magic Scroll Emporium.
 29437 | Orc:2    | Found Tisuef's Jewellery Shop.
 29470 | Orc:2    | Bought a scroll of enchant armour for 225 gold pieces
 29525 | Orc:2    | Noticed Maurice
 29536 | Orc:2    | Killed Maurice
 29770 | Orc:2    | Noticed Josephine
 29774 | Orc:2    | Killed Josephine
 29814 | Orc:2    | Found a staircase to the Elven Halls.
 29846 | Orc:2    | Noticed Urug
 29865 | Orc:2    | Killed Urug
 30085 | Orc:2    | Noticed Snorg
 30114 | Orc:2    | Killed Snorg
 30840 | D:13     | Noticed Frances
 30873 | D:13     | Killed Frances
 31293 | D:13     | Reached skill level 13 in Invocations
 32632 | D:14     | Found a gate to the Vaults.
 33007 | D:14     | Noticed Agnes
 33022 | D:14     | Killed Agnes
 33180 | Orc:2    | Bought a scroll of fear for 49 gold pieces
 33180 | Orc:2    | Bought a scroll of fear for 49 gold pieces
 33180 | Orc:2    | Bought a scroll of holy word for 105 gold pieces
 33180 | Orc:2    | Bought a scroll of magic mapping for 49 gold pieces
 33183 | Orc:2    | Bought a potion of heal wounds for 80 gold pieces
 33183 | Orc:2    | Bought a potion of haste for 160 gold pieces
 33183 | Orc:2    | Bought 2 potions of haste for 320 gold pieces
 33183 | Orc:2    | Bought a potion of heal wounds for 80 gold pieces
 33183 | Orc:2    | Bought a potion of heal wounds for 80 gold pieces
 33767 | D:8      | Killed sammy202020's ghost
 34131 | D:14     | Reached XP level 16. HP: 92/92 MP: 18/32
 34286 | Orc:2    | Bought a scroll of identify for 28 gold pieces
 34286 | Orc:2    | Identified a scroll of acquirement
 34287 | Orc:2    | Acquired the +0 pair of gloves "Pacs" {Dex+3 SInv}
 34452 | D:14     | Found Viceuwna's Antique Weapon Emporium.
 34454 | D:14     | Found Remy's Self-Improvement Boutique.
 34616 | D:14     | Noticed Rupert
 34624 | D:14     | Killed Rupert
 35453 | D:15     | Entered Level 15 of the Dungeon
 36984 | D:15     | Found a staircase to the Depths.
 37408 | Swamp:1  | Entered Level 1 of the Swamp
 39261 | Swamp:2  | Identified Roxanne's Papyrus of Transformation
 39261 | Swamp:2  | Noticed Roxanne
 39676 | Swamp:2  | Noticed Kirke
 39678 | Swamp:2  | Noticed a thorn hunter
 39685 | Swamp:2  | Killed Kirke
 39691 | Swamp:2  | Killed a thorn hunter
 40173 | Swamp:2  | Identified the +5 falchion of Xom's Benevolence {flame,
                  | rPois rCorr Int+2}
 40565 | Swamp:2  | Noticed Louise
 40580 | Swamp:2  | Killed Louise
 40721 | Swamp:2  | Identified the +8 hunting sling of Gozag's Reproof {vorpal,
                  | rPois rF+ Int-5}
 41012 | Swamp:2  | Killed Roxanne
 41259 | Swamp:3  | Identified the +5 short sword of the Hawk {holy, rF+ Int+4}
 41645 | Swamp:3  | Reached XP level 17. HP: 84/96 MP: 19/33
 41728 | Swamp:3  | Reached skill level 14 in Invocations
 42790 | Swamp:4  | Entered Level 4 of the Swamp
 44174 | Swamp:4  | Noticed the 27-headed Lernaean hydra
 44182 | Swamp:4  | Killed the 27-headed Lernaean hydra
 44443 | Swamp:4  | Reached skill level 15 in Invocations
 45243 | Swamp:4  | Got a decaying rune of Zot
 45423 | Snake:1  | Entered Level 1 of the Snake Pit
 46392 | D:14     | Bought a manual of Fighting for 1040 gold pieces
 48107 | Snake:2  | Noticed Vashnia
 48333 | Snake:2  | Killed Vashnia
 49264 | Snake:2  | Found a glowing golden altar of the Shining One.
 49405 | Snake:2  | Noticed Aizul
 49419 | Snake:2  | Killed Aizul
 49600 | Snake:3  | Reached XP level 18. HP: 63/105 MP: 1/35
 49963 | Snake:3  | Reached skill level 16 in Invocations
 50163 | Snake:3  | Learned a level 4 spell: Passage of Golubria
 50199 | Snake:3  | Noticed Jorgrun
 50211 | Snake:3  | Killed Jorgrun
 51658 | Snake:4  | Entered Level 4 of the Snake Pit
 52478 | Snake:4  | Found Urapri Loumo's Book Emporium.
 52482 | Snake:4  | Found Maw Hets's Jewellery Boutique.
 52483 | Snake:4  | Found Fudum's Book Emporium.
 52550 | Snake:4  | Reached skill level 10 in Fighting
 54872 | Snake:4  | Got a serpentine rune of Zot
 55286 | Vaults:1 | Entered Level 1 of the Vaults
 56493 | Vaults:1 | Reached skill level 10 in Shields
 56499 | Vaults:1 | Reached skill level 17 in Invocations
 57040 | Vaults:1 | Reached XP level 19. HP: 113/113 MP: 19/38
 57650 | Snake:4  | Bought a book of Beasts for 646 gold pieces
 57656 | Snake:4  | Learned a level 5 spell: Summon Mana Viper
 57664 | Snake:4  | Learned a level 7 spell: Monstrous Menagerie
 58290 | Vaults:1 | Found Terutif's Armour Emporium.
 59629 | Vaults:2 | Found a crumbling gateway.
 59749 | Desolati | Entered the Desolation of Salt
 60761 | Desolati | Identified the ring "Ilyfral" {rElec rPois Will++ rCorr
                  | Str+3}
 61448 | Desolati | Identified the amulet "Baish" {Spirit Rampage rC++ Dex-3}
 61470 | Desolati | Reached skill level 10 in Translocations
 61803 | Desolati | Found the +14 obsidian axe {vorpal, Mesm Drain Fly SInv}
 61810 | Desolati | Identified the ring "Oxkonnel" {rElec rN+ Str+3}
 62328 | Desolati | Identified the ring of the Duchess {Drain rF+ rC++ Str+3}
 62846 | Desolati | Reached skill level 18 in Invocations
 62993 | Desolati | Identified the ring "Otesevol" {Fire Int+4 Dex+4 Slay-6}
 62998 | Desolati | Identified the ring "Koacocy" {Wiz rPois rF+ rN+ Str-5}
 63007 | Desolati | Got the Papyrus of Necromancy and Feathers
 63717 | Elf:1    | Entered Level 1 of the Elven Halls
 63758 | Elf:1    | Found a frozen archway.
 63921 | IceCv    | Entered an ice cave
 64812 | IceCv    | Found an ancient bone altar of Kikubaaqudgha.
 66454 | Elf:1    | Found Qenualu's Jewellery Shoppe.
 66498 | Elf:1    | Noticed Asterion
 66514 | Elf:1    | Killed Asterion
 66515 | Elf:1    | Reached XP level 20. HP: 100/104 MP: 8/40
 67026 | Elf:1    | Got Giwaamu's Guide on Arcane Weapons
 68527 | Elf:2    | Reached skill level 15 in Spellcasting
 68529 | Elf:2    | Reached skill level 19 in Invocations
 68842 | Elf:2    | Found a runed translucent gate.
 68843 | Elf:2    | Found a runed translucent gate.
 68843 | Elf:2    | Found a runed translucent gate.
 69896 | Elf:2    | Reached skill level 15 in Dodging
 72083 | Vaults:2 | Reached skill level 20 in Invocations
 73379 | Vaults:2 | Reached XP level 21. HP: 106/132 MP: 20/42
 73803 | Vaults:3 | Found a staircase to the Crypt.
 73803 | Vaults:3 | Found a basalt altar of Yredelemnul.
 73803 | Vaults:3 | Found an ancient bone altar of Kikubaaqudgha.
 74220 | Vaults:3 | Reached skill level 1 in Short Blades
 74503 | Vaults:3 | Identified the +9 ring mail of Gozag {rN+ rCorr Slay+3}
 75958 | Vaults:4 | Noticed Mennas
 75966 | Vaults:4 | Found Tily's Jewellery Shoppe.
 77097 | Depths:1 | Entered Level 1 of the Depths
 77097 | Depths:1 | You fall into a shaft and drop 1 floor!
 77239 | Depths:1 | Found a one-way gate leading to the halls of Pandemonium.
 77854 | Depths:1 | Found Kist's Firing Range.
 78547 | Depths:1 | Reached skill level 5 in Short Blades
 79164 | Depths:1 | Found a gateway to Hell.
 79538 | Depths:2 | Noticed a caustic shrike
 79541 | Depths:2 | Noticed a caustic shrike
 79550 | Depths:1 | Killed a caustic shrike
 79807 | Depths:2 | Killed a caustic shrike
 79943 | Depths:2 | Reached skill level 21 in Invocations
 80042 | Depths:2 | Noticed a caustic shrike
 80051 | Depths:2 | Killed a caustic shrike
 80697 | Depths:2 | Found a snail-covered altar of Cheibriados.
 80845 | Depths:2 | Identified the ring "Aticoh Uss" {EV+4 Int+2}
 80911 | Depths:2 | Found a basalt altar of Yredelemnul.
 81038 | Depths:2 | Got the Papyrus of the Arsonist
 81429 | Depths:2 | Reached XP level 22. HP: 59/138 MP: 7/44
 82691 | Depths:2 | Identified the +5 fustibalus of Doubt {flame, Will+ Str+5}
 82696 | Depths:2 | Noticed Bai Suzhen
 82719 | Depths:2 | Noticed a golden dragon
 83011 | Depths:2 | Killed a golden dragon
 83535 | Depths:2 | Killed Bai Suzhen
 83785 | D:14     | Bought a manual of Conjurations for 1040 gold pieces
 83924 | Depths:3 | Reached skill level 1 in Conjurations
 85754 | Depths:3 | Found a one-way gate to the infinite horrors of the Abyss.
 85998 | Depths:4 | Entered Level 4 of the Depths
 86048 | Depths:4 | Noticed a golden dragon
 86062 | Depths:4 | Killed a golden dragon
 86075 | Depths:4 | Reached skill level 5 in Conjurations
 86321 | Depths:4 | Found a one-way gateway to a ziggurat.
 86358 | Depths:4 | Reached skill level 15 in Fighting
 86556 | Depths:4 | Found a basalt altar of Yredelemnul.
 86688 | Depths:4 | Found Xaufoumer's Magic Scroll Emporium.
 86696 | Depths:4 | Found Itizupatz's Antique Armour Shoppe.
 86852 | Depths:4 | Reached skill level 1 in Earth Magic
 87552 | Depths:4 | Noticed a caustic shrike
 87552 | Depths:4 | Noticed a caustic shrike
 87559 | Depths:4 | Noticed a caustic shrike
 87567 | Depths:4 | Killed a caustic shrike
 87567 | Depths:4 | Noticed a caustic shrike
 87570 | Depths:4 | Killed a caustic shrike
 87574 | Depths:4 | Noticed a caustic shrike
 87577 | Depths:4 | Killed a caustic shrike
 87579 | Depths:4 | Killed a caustic shrike
 87581 | Depths:4 | Killed a caustic shrike
 88183 | Depths:4 | Noticed a golden dragon
 88190 | Depths:4 | Found a gate to the Realm of Zot.
 88267 | Depths:4 | Killed a golden dragon
 88484 | Depths:4 | Learned a level 6 spell: Iron Shot
 88503 | Depths:4 | Identified the +0 helmet of the Good {Dex+7}
 88714 | Depths:4 | Identified the +4 hand crossbow "Tanlyz" {flame, Will+
                  | Dex+7}
 89560 | Elf:3    | Entered Level 3 of the Elven Halls
 89720 | Elf:3    | Reached skill level 22 in Invocations
 90269 | Elf:3    | Found Huethyer's Book Emporium.
 90404 | Elf:3    | Reached XP level 23. HP: 144/144 MP: 27/46
 91033 | Elf:3    | Reached skill level 10 in Conjurations
 91707 | Elf:3    | Reached skill level 5 in Earth Magic
 91869 | Elf:3    | Found Huethyer's Book Emporium.
 92388 | Elf:3    | Upgraded the game from 0.29-a0-275-g389c0b56f3 to
                  | 0.29-a0-284-gf9362112df
 92584 | Elf:3    | Identified the ring of Nipn {rF+ MP-9 EV+4 Int+5}
 92688 | Elf:3    | Identified the +9 hunting sling of Eternal War {freeze,
                  | rF++ Dex+3}
 92900 | Elf:3    | Identified the +5 chain mail of Stoicism {Int+3 Dex+4}
 93375 | Elf:3    | Learned a level 3 spell: Swiftness
 93379 | Elf:3    | Got the Papyrus of Battle Magic and Evil Secrets
 93389 | Elf:3    | Learned a level 7 spell: Spellforged Servitor
 93392 | Elf:3    | Got the Papyrus of the Frostbite
 93429 | Elf:3    | Got Wunn's Incunabulum of Transmutation and Feathers
 93433 | Elf:3    | Got Muiruhugh's Almanac of the Dark Frostbite
 93520 | Elf:3    | Identified the +1 long sword of Wozxix {distort, rC+ Str+3
                  | Stlth+}
 93546 | Elf:3    | Identified the +7 dagger of Evil {elec, rPois rN+ SInv}
 94276 | Slime:1  | Entered Level 1 of the Pits of Slime
 95629 | D:14     | Bought a manual of Earth Magic for 1040 gold pieces
 95885 | Slime:2  | Reached skill level 15 in Conjurations
 96751 | Slime:2  | Reached skill level 10 in Earth Magic
 98402 | Slime:5  | Entered Level 5 of the Pits of Slime
 99669 | Slime:5  | Reached skill level 15 in Earth Magic
100090 | Slime:5  | Found a viscous altar of Jiyva.
100261 | Slime:5  | Noticed the Royal Jelly
100564 | Slime:5  | Found the necklace of Bloodlust {*Rage Will++ Int-3 Slay+6}
100669 | Slime:5  | Killed the Royal Jelly
100845 | Slime:4  | You fall into a shaft and drop 1 floor!
100914 | Slime:5  | Identified the +0 leather armour of Oluculuz {Dex+5}
100915 | Slime:5  | Identified the +6 short sword "Miusonee" {venom, rCorr}
101128 | Slime:5  | Identified the amulet of the Establishment {Faith Int+3
                  | Dex+3 SInv}
101129 | Slime:5  | Got a slimy rune of Zot
101146 | Slime:5  | Identified the +4 arbalest of the Omega Point {flame, rC+
                  | Int+4 SInv}
101355 | Slime:5  | Identified the +3 glaive of Zups {venom, Dex+3}
101362 | Slime:5  | Got the Handbook of Ensnaring Dislocation
101839 | Crypt:1  | Entered Level 1 of the Crypt
101915 | Crypt:1  | Reached XP level 24. HP: 150/150 MP: 21/46
105443 | Crypt:3  | Entered Level 3 of the Crypt
105941 | Crypt:3  | Noticed Sojobo
106549 | Crypt:3  | Killed Sojobo
107153 | Crypt:3  | Noticed an ancient lich
107167 | Crypt:3  | Killed an ancient lich
107170 | Crypt:3  | Noticed Khufu
107474 | Crypt:3  | Found an ancient bone altar of Kikubaaqudgha.
107924 | Crypt:3  | Noticed an ancient lich
108017 | Crypt:3  | Killed an ancient lich
109707 | Crypt:3  | Noticed Xtahua
109717 | Crypt:3  | Killed Xtahua
109825 | Crypt:3  | Noticed a royal mummy
109826 | Crypt:3  | Identified the +8 lajatang of Veasch {venom, rPois Will-
                  | Stlth+}
109826 | Crypt:3  | Identified the +1 robe "Geeciykhem" {Will++ Int-2 Archmagi}
109843 | Crypt:3  | Killed Khufu
110219 | Crypt:3  | Killed a royal mummy
110220 | Crypt:3  | Reached XP level 25. HP: 149/155 MP: 10/46
110436 | Crypt:3  | Found a staircase to the Tomb.
110637 | Crypt:3  | Found the +6 Majin-Bo {vamp, MP+6 Int+6}
110654 | Crypt:3  | Got the Almanac of Lightness and Clay
110657 | Crypt:3  | Identified the ring of Darkness {rN+ Int+4}
110657 | Crypt:3  | Identified the ring "Zoceum" {rN+ Dex+4}
110657 | Crypt:3  | Identified the ring "Ugyxeot" {rN+ Dex+3}
110677 | Crypt:3  | Identified the +1 leather armour of the Evening {Rampage
                  | Str+2}
110679 | Crypt:3  | Identified the +1 chain mail of Tefyfiwk {rN+ Int+3}
111310 | Crypt:3  | Identified the +1 chain mail "Soylut" {Int+4}
111311 | Crypt:3  | Identified the +4 longbow of Responsibility {venom, rC+}
111911 | Elf:3    | Bought a book of Armaments for 612 gold pieces
111920 | Elf:3    | Learned a level 8 spell: Lehudib's Crystal Spear
112749 | Vaults:4 | HP: 5/155 [Mennas/+5 eudemon blade of holy wrath (20)]
112752 | Vaults:4 | Demolished by Mennas

Illustrated notes

Levels and vault maps discovered:
D:1:      psy_arrival_spokes, layout_loops_ring,
          ebering_ecumenical_altar_petrified, serial_shops,
          nicolae_shop_bloodbath_and_beyond, minmay_cupped
D:2:      minmay_diamond_boxcup, layout_rooms, uniq_sigmund
D:3:      layout_rooms, fedhas_altar_1, serial_shops, nicolae_shop_behind_doors,
          minmay_close_crescents
D:4:      layout_loops_cross, mainiacjoe_overflow_surrounded_room,
          zin_scriptorium, uniq_natasha
D:5:      layout_basic, gammafunk_temple_overflow_elements, uniq_pikel
D:6:      layout_cave_pods, amethyst_killhole, kennysheep_generic_room_7,
          uniq_edmund
D:7:      layout_rooms, minmay_temple_entry_stoned_glass,
          minmay_gold_behind_fungi, chequers_serial_rivers_micro_b,
          bh_walls_and_bars, uniq_duvessa, uniq_menkaure
D:8:      layout_cave_pools, gammafunk_ghost_spectres, serial_shops,
          nicolae_shop_window_shopping, st_stairs_5, uniq_joseph,
          uniq_gastronok, uniq_psyche
D:9:      layout_rooms, dpeg_oklobed_lair,
          kennysheep_orc_monster_closet_entryway, minmay_protected_statue
D:10:     layout_rooms, serial_shops, shop
D:11:     layout_roguey, lemuel_zombie_altar_kikubaaqudgha
D:12:     layout_rooms
D:13:     layout_basic, kennysheep_generic_room_12, uniq_frances
D:14:     layout_loops_ring, lightli_vaults_fourway_checkpoint, serial_shops,
          shop, nicolae_shop_self_help, uniq_agnes, uniq_rupert
D:15:     grunt_enter_depths_magical_seal, layout_basic,
          dreamdust_mushroom_princess, minmay_misc_feat_columns
Temple:   minmay_crystal_spiral_temple
Lair:1:   layout_chaotic_city, beast_lair_carwin_6, uniq_amaemon
Lair:2:   layout_concentric_octagons, basic_altar, kennysheep_abandoned_house,
          grunt_megastairs_4
Lair:3:   layout_cave_shapes, palyth_hydra_swamp_entry,
          minmay_snake_entry_spellcaster, grunt_megastairs_2
Lair:4:   layout_gridlike, serial_bayou_shore_b
Lair:5:   layout_cave_shapes, dpeg_oklob_1, uniq_sonja
Lair:6:   hangedman_lair_tendril_chambers, layout_misc_corridors,
          minmay_slime_entry_pillars, serial_bayou_lagoon_b
Swamp:1:  layout_falls_marsh, hangedman_swamp_ruin_wall, swamp_pool3,
          st_swamp_mini
Swamp:2:  layout_falls_marsh, nicolae_swamp_round_clearing, swamp_pool1,
          uniq_roxanne, uniq_kirke, uniq_louise
Swamp:3:  layout_falls_marsh, infiniplex_staircase_pool
Swamp:4:  swamp_vile, layout_basic_swamp
Snake:1:  layout_honeycomb, chequers_hall_statues_y
Snake:2:  layout_basic, basic_altar, uniq_aizul, uniq_vashnia
Snake:3:  layout_layer_cave, nicolae_snake_squiggles, uniq_jorgrun
Snake:4:  minmay_snake_end_coiled, layout_cave_town, minmay_shop_grove,
          serial_bayou_shore_b
Slime:1:  layout_caves
Slime:2:  nicolae_slime_pool, layout_caves, nicolae_slime_round_cave
Slime:3:  cheibrodos_slime_lost_civilization_2, layout_caves,
          cheibrodos_slime_lost_civilization_7
Slime:4:  layout_caves
Slime:5
Orc:1:    nicolae_orc_accident_1, layout_caves, uniq_fannar
Orc:2:    st_orc_ogre_mass, layout_caves, mines2_lemuel, uniq_maurice,
          uniq_snorg, uniq_donald, uniq_josephine, uniq_urug
Elf:1:    elf_arrival_002, layout_geoelf_grid, serial_shops, shop,
          portal_ice_cave_entry_ice_simulacra, minmay_elf_annihilation,
          uniq_asterion
Elf:2:    nicolae_elf_blades_crystal_corner, layout_gridlike
Elf:3:    minmay_elf_hall, layout_loops_corners, serial_shops, shop
Vaults:1: v_alt_pattern_1, nicolae_vaults_angled_halls, v_misc_30,
          vaults_room_guarded_vault, vaults_mumra_hexcomb,
          nicolae_vaults_alarming, nicolae_vaults_rhombus_5,
          layout_vaults_chaotic_city, serial_shops, shop_coins
Vaults:2: portal_desolation_entry_salt, st_cells, v_alt_pattern_5,
          nicolae_vaults_asterisk, v_alt_pattern_4, nicolae_vaults_shelves_hall,
          hangedman_vaults_locks, nicolae_vaults_shelves_hall,
          nicolae_vaults_border_crossing, vaults_room_corners,
          layout_vaults_omnigrid
Vaults:3: hangedman_vaults_maws, grunt_vaults_twisty,
          minmay_crypt_entry_necro_gods, st_cross, ontoclasm_vaults_eye,
          v_alt_pattern_4, vaults_room_semicircle, vaults_room_stairs_pillars,
          nicolae_vaults_shelves_hall, v_misc_26,
          nicolae_vaults_diagonal_hallway_9, v_rooms_4, vaults_dpeg_diagonal,
          vaults_dpeg_encased_lava, v_alt_pattern_1, vaults_room_semicircle,
          layout_vaults_maze_bifur
Vaults:4: grunt_vaults_swirl, nicolae_vaults_murderbox,
          nicolae_vaults_little_squares_6, v_alt_pattern_6, vaults_room_boxed,
          nicolae_vaults_what_the_h, v_alt_pattern_6, v_misc_26,
          nicolae_vaults_little_squares_2, vaults_room_stairs_pillars,
          layout_vaults_ring, serial_shops, shop_fountains, uniq_zenata,
          uniq_mara, uniq_mennas
Crypt:1:  layout_regular_city, lemuel_nasty_fountain
Crypt:2:  layout_misc_corridors
Crypt:3:  church_of_pain_bobbens, layout_chaotic_city,
          nicolae_tomb_entry_grand_gallery, beargit_elvish_explorers,
          uniq_khufu, uniq_sojobo, uniq_xtahua
Depths:1: layout_gridlike, pan_entry, kennysheep_cluttered_room, hellmouth_1,
          minmay_misc_feat_tower, minmay_misc_feat_plants,
          minmay_tree_intersection, st_stairs_13, nicolae_shop_firing_range,
          serial_bayou_shore_b, serial_bayou_shore_a
Depths:2: evilmike_diamond_2, layout_gridville, serial_bayou,
          serial_bayou_ford_a, serial_bayou_pond_a, serial_bayou_crossing,
          serial_bayou_pond_d, serial_bayou_pond_e, serial_bayou_lagoon_a,
          cheibriados_altar_2, rand_demon_pan_entry_1, pf_hell_entry_tar_river,
          argonaut_fire_from_heaven, uniq_josephina, uniq_bai_suzhen
Depths:3: minmay_mutant_horseshoe, layout_small_grid, hell_entry,
          hangedman_abyss_entry_splay, minmay_staircase_statues_hall_small,
          hangedman_abyss_or_decor_jellyfish_corner
Depths:4: evilmike_zot_entry_round, layout_honeycomb, enter_ziggurat_e,
          lightli_too_deep, hangedman_decor_push,
          yredelemnul_forgotten_temple_becter, minmay_shoptagon

Skill      XL: |  1  2  3  4  5  6  7  8  9 10 11 12 13 14 15 16 17 18 19 20 21 22 23 24 25 |
---------------+----------------------------------------------------------------------------+-----
Summonings     | 5 7 8 9 10 11 12 14 16 20 | 20.2
Hexes          | 1 2 3 |  3.0
Fighting       | 1 2 3 4 5 6 7 9 10 13 14 15 | 15.0
Air Magic      | 1 2 3 4 5 6 |  6.0
Dodging        | 3 4 5 6 7 9 10 12 13 14 15 16 17 | 17.3
Shields        | 1 2 3 4 5 6 7 8 9 10 | 10.2
Invocations    | 1 2 3 4 5 7 10 11 13 15 17 18 20 21 22 | 22.0
Armour         | 1 2 3 5 6 |  6.0
Spellcasting   | 4 5 6 7 8 9 10 11 13 14 15 16 17 | 17.2
Translocations | 1 3 4 5 6 8 10 | 10.0
Evocations     | 1 2 3 5 6 |  6.0
Stealth        | 3 4 5 7 9 10 11 12 13 | 13.9
Short Blades   | 6 8 |  8.0
Conjurations   | 8 15 19 | 19.7
Earth Magic    | 3 15 18 19 | 19.1

Action                   |  1- 3 |  4- 6 |  7- 9 | 10-12 | 13-15 | 16-18 | 19-21 | 22-24 | 25-27 || total
-------------------------+-------+-------+-------+-------+-------+-------+-------+-------+-------++-------
Melee: Unarmed           |     4 |       |       |       |       |       |       |       |       ||     4
       Spear             |     6 |    48 |    33 |    37 |       |       |       |       |       ||   124
       Trident           |       |       |       |    89 |   203 |    47 |       |       |       ||   339
       Falchion          |       |       |       |       |       |    31 |     3 |       |       ||    34
       Short sword       |       |       |       |       |       |       |   184 |   551 |    68 ||   803
Throw: Dart              |       |       |     1 |     1 |     4 |       |       |       |       ||     6
 Cast: Summon Small Mamm |    33 |    13 |    11 |       |     6 |     1 |     3 |     1 |       ||    68
       Call Imp          |    13 |    10 |       |       |       |       |       |       |       ||    23
       Call Canine Famil |       |    21 |    30 |    60 |    65 |     5 |       |       |       ||   181
       Summon Guardian G |       |       |    14 |    23 |    51 |       |       |       |       ||    88
       Summon Lightning  |       |       |    10 |    95 |   151 |    22 |    18 |    12 |       ||   308
       Blink             |       |       |     1 |    13 |    13 |     7 |    12 |     6 |     2 ||    54
       Summon Forest     |       |       |       |       |    75 |    65 |    50 |    72 |     4 ||   266
       Summon Hydra      |       |       |       |       |    59 |   405 |   272 |   369 |     4 ||  1109
       Monstrous Menager |       |       |       |       |       |       |   240 |   165 |     6 ||   411
       Summon Mana Viper |       |       |       |       |       |       |    17 |     7 |       ||    24
       Spellforged Servi |       |       |       |       |       |       |       |    87 |    20 ||   107
       Iron Shot         |       |       |       |       |       |       |       |    12 |     2 ||    14
       Swiftness         |       |       |       |       |       |       |       |     1 |       ||     1
       Lehudib's Crystal |       |       |       |       |       |       |       |       |     1 ||     1
Invok: Recite            |       |       |     5 |     3 |     8 |    20 |    35 |    37 |       ||   108
       Vitalisation      |       |       |       |     1 |     6 |    14 |     8 |     9 |       ||    38
       Sanctuary         |       |       |       |       |       |       |     2 |     3 |       ||     5
       Imprison          |       |       |       |       |       |       |       |     1 |       ||     1
Evoke: Wand              |       |       |     1 |    10 |    18 |     4 |     1 |     7 |       ||    41
       Phial of floods   |       |       |       |       |     1 |       |     1 |     1 |       ||     3
       Lightning rod     |       |       |       |       |       |     1 |     1 |     3 |       ||     5
       Phantom mirror    |       |       |       |       |       |       |       |     3 |       ||     3
  Use: Potion            |       |     2 |       |     4 |     4 |     2 |     4 |    13 |     6 ||    35
       Scroll            |       |     6 |    10 |    14 |     7 |    10 |    17 |    10 |     4 ||    78
 Stab: Sleeping          |       |     5 |     1 |     2 |     2 |       |     7 |     6 |       ||    23
       Distracted        |       |       |     1 |     3 |     8 |     4 |    12 |    29 |     2 ||    59
       Paralysed         |       |       |       |       |       |     3 |       |     4 |       ||     7
       Confused          |       |       |       |       |       |       |     3 |     4 |       ||     7
       Invisible         |       |       |       |       |       |       |       |     2 |       ||     2
Armor: Robe              |    11 |    11 |       |       |       |       |       |       |       ||    22
       Leather armour    |       |     9 |    15 |       |       |       |       |       |       ||    24
       Acid dragon scale |       |       |       |   140 |   171 |    51 |   110 |   186 |    22 ||   680
       Swamp dragon scal |       |       |       |       |       |    30 |       |       |       ||    30
Dodge: Dodged            |    14 |    49 |    34 |   213 |   222 |   123 |   232 |   443 |    41 ||  1371
Block: Buckler           |       |     2 |    16 |    93 |   122 |    60 |       |       |       ||   293
       Reflection        |       |       |       |       |    11 |    30 |    42 |    27 |       ||   110
       Kite shield       |       |       |       |       |    42 |   136 |   348 |   560 |    57 ||  1143

Table legend: (Time is in decaauts)
 A = Elapsed time spent in this place.
 B = Non-inter-level travel time spent in this place.
 C = Inter-level travel time spent in this place.
 D = Time resting spent in this place.
 E = Time spent auto-exploring this place.
 F = Levels seen in this place.
 G = Mean time per level.
                   A        B        C        D        E       F      G
               +--------+--------+--------+--------+--------+-----+--------+
         Total | 113049 | 100270 |  12779 |  17868 |  64546 |  53 | 2133.0 |
       Dungeon |  24236 |  18715 |   5521 |   3056 |  11859 |  15 | 1615.7 |
        Temple |    276 |    192 |     84 |      0 |    174 |   1 |  276.0 |
          Lair |  13299 |  11930 |   1369 |   1979 |   7596 |   6 | 2216.5 |
         Swamp |   7544 |   7189 |    355 |   1045 |   5090 |   4 | 1886.0 |
     Snake Pit |   9831 |   9129 |    702 |   1073 |   6852 |   4 | 2457.8 |
    Slime Pits |   6747 |   5873 |    874 |   1654 |   3185 |   5 | 1349.4 |
  Orcish Mines |   3711 |   3185 |    526 |    332 |   2002 |   2 | 1855.5 |
   Elven Halls |   8827 |   7885 |    942 |    834 |   5854 |   3 | 2942.3 |
        Vaults |  11018 |   9907 |   1111 |   1635 |   6669 |   4 | 2754.5 |
         Crypt |   9463 |   9108 |    355 |   1895 |   5759 |   3 | 3154.3 |
        Depths |  12208 |  11273 |    935 |   2562 |   6884 |   4 | 3052.0 |
      Ice Cave |   2152 |   2152 |      0 |    424 |   1288 |   1 | 2152.0 |
    Desolation |   3732 |   3732 |      0 |   1378 |   1331 |   1 | 3732.0 |
               +--------+--------+--------+--------+--------+-----+--------+

Top non-repeatable levels by time:
 Crypt:3: 4581 daAuts
   Elf:3: 4116 daAuts
Depths:2: 3896 daAuts
Vaults:2: 3740 daAuts
Desolation: 3732 daAuts
 Snake:4: 3646 daAuts
Vaults:1: 3506 daAuts
 Crypt:2: 3188 daAuts
Depths:4: 3042 daAuts
  Lair:6: 3026 daAuts
Depths:1: 2911 daAuts
   Elf:2: 2889 daAuts
  Lair:3: 2506 daAuts
 Snake:2: 2488 daAuts
 Swamp:4: 2432 daAuts
